AoeStats
← Bambamdumm

Arena

506654855Analyzed
1v1 RM · 19d ago on Sep 14, 2026· 40m 52s· 2 players
Game mode
Random Map
Map size
Tiny (2 player)
Population
200
Speed
Normal
Resources
Standard
Victory
Conquest
Starting age
Dark Age
Ending age
Imperial Age
RankedLock teamsTeams togetherTeam positionsShared explorationLock speedFull tech treeHidden civsTurbo modeCheats
Victory
Defeat
🇷🇺 Gurjaras · Russia
1303
+17
🇩🇪 Khmer · Germany
1324
-17
(=^・ω・^=)
10:46 Feudal Age
15:16 Castle Age
16:55 Double-Bit Axe
17:24 Horse Collar
17:37 Loom
22:04 Heavy Plow
25:23 Bow Saw
26:38 Wheelbarrow
25:49 Town Watch
30:41 Imperial Age
29:01 Hand Cart
29:24 Bloodlines
29:40 Husbandry
30:13 Forging
30:42 Scale Barding Armor
31:03 Kshatriyas
31:18 Gold Mining
31:11 Heavy Camel Rider
32:53 Frontier Guards
32:58 Chain Barding Armor
33:18 Iron Casting
34:16 Crop Rotation
34:26 Plate Barding Armor
36:33 Gold Shaft Mining
36:20 Conscription
36:02 Siege Elephant
37:20 Stone Mining
39:26 Town Patrol
41:05 Stone Shaft Mining
40:55 Fletching
41:06 Scale Mail Armor
41:43 Hoardings
Bambamdumm
10:23 Feudal Age
13:04 Castle Age
11:26 Double-Bit Axe
11:23 Horse Collar
14:18 Bow Saw
18:57 Heavy Plow
21:07 Gold Mining
21:17 Stone Mining
22:23 Wheelbarrow
22:32 Gold Shaft Mining
22:45 Stone Shaft Mining
27:02 Imperial Age
25:05 Husbandry
25:15 Bloodlines
25:34 Scale Barding Armor
25:40 Forging
27:28 Chain Barding Armor
27:44 Iron Casting
27:17 Elite Battle Elephant
28:04 Tusk Swords
28:25 Conscription
28:28 Loom
29:04 Hand Cart
28:36 Town Watch
30:36 Plate Barding Armor
38:06 Blast Furnace
37:06 Scale Mail Armor
38:04 Murder Holes
37:33 Pikeman
38:48 Halberdier
39:49 Chain Mail Armor
Connection lost

Rejoining the realm…

Still unreachable

The connection could not be restored.

Session expired

The server has moved on; the page needs a fresh start.